AoeStats
← Phu Thuy

Arena

510404501Analyzed
4v4 RM · 14h ago on Sep 30, 2026· 37m 32s· 8 players
Game mode
Random Map
Map size
Large (8 player)
Population
200
Speed
Normal
Resources
Standard
Victory
Conquest
Starting age
Dark Age
Ending age
Imperial Age
RankedLock teamsTeams togetherTeam positionsShared explorationLock speedFull tech treeHidden civsTurbo modeCheats
Victory
Defeat
🇦🇷 Vietnamese · Argentina
1200
+16
🇦🇷 Celts · Argentina
1182
+17
🇧🇷 Bohemians · Brazil
1175
+17
🇺🇸 Malians · United States
1141
+19
🇻🇳 Byzantines · Vietnam
1244
-19
🇩🇪 Ethiopians · Germany
1225
-18
🇻🇳 Khmer · Vietnam
1215
-18
🇪🇸 Hindustanis · Spain
1132
-14
Alarich1000
10:59 Feudal Age
14:54 Castle Age
12:46 Horse Collar
13:18 Double-Bit Axe
13:50 Loom
16:59 Bow Saw
16:51 Heavy Plow
33:13 Imperial Age
33:43 Wheelbarrow
34:58 Hand Cart
36:03 Farimba
36:24 Conscription
36:02 Town Watch
36:33 Forging
36:28 Scale Barding Armor
36:16 Gold Mining
36:16 Stone Mining
38:07 Iron Casting
37:35 Husbandry
37:46 Bloodlines
37:02 Heavy Camel Rider
37:03 Cavalier
Pablo
11:17 Feudal Age
15:39 Castle Age
14:01 Double-Bit Axe
23:06 Bow Saw
22:43 Horse Collar
23:27 Gold Mining
27:25 Scale Mail Armor
30:33 Imperial Age
29:26 Chain Mail Armor
29:55 Forging
31:19 Wheelbarrow
31:35 Conscription
32:18 Iron Casting
32:21 Elite Woad Raider
33:46 Plate Mail Armor
34:32 Blast Furnace
@bruninho
10:42 Feudal Age
14:41 Castle Age
13:18 Double-Bit Axe
14:22 Loom
15:24 Wheelbarrow
16:20 Fervor
20:00 Horse Collar
21:31 Heavy Plow
23:39 Bow Saw
24:07 Pikeman
25:27 Scale Mail Armor
25:38 Forging
29:38 Imperial Age
28:24 Chemistry
28:32 Iron Casting
28:12 Chain Mail Armor
28:47 Arson
29:46 Ballistics
29:40 Fortified Wall
29:59 Redemption
30:35 Halberdier
32:35 Plate Mail Armor
33:05 Blast Furnace
34:23 Two-Man Saw
33:32 Fletching
34:01 Hussite Reforms
34:34 Conscription
37:50 Squires
elnegrovisioso
10:26 Feudal Age
14:43 Castle Age
13:02 Loom
13:10 Double-Bit Axe
14:04 Horse Collar
15:35 Bow Saw
23:01 Gold Mining
25:21 Wheelbarrow
29:18 Imperial Age
26:35 Town Watch
26:59 Stone Mining
27:05 Fletching
28:22 Bodkin Arrow
28:49 Ballistics
28:12 Elite Skirmisher
28:59 Padded Archer Armor
31:24 Thumb Ring
30:47 Imperial Skirmisher
32:04 Bracer
33:16 Hand Cart
36:07 Paper Money
37:27 Two-Man Saw
36:29 Heavy Plow
37:19 Stone Shaft Mining
36:50 Crossbowman
38:59 Chemistry
Mongobongo_17
10:42 Feudal Age
11:07 Double-Bit Axe
15:01 Castle Age
12:55 Horse Collar
18:28 Wheelbarrow
20:09 Scale Mail Armor
21:01 Loom
22:59 Forging
23:40 Elite Skirmisher
29:55 Imperial Age
28:43 Gold Mining
28:44 Stone Mining
32:30 Chemistry
33:51 Chain Mail Armor
34:11 Iron Casting
36:20 Plate Mail Armor
Tin's
10:32 Feudal Age
15:12 Castle Age
13:03 Double-Bit Axe
13:22 Horse Collar
14:43 Wheelbarrow
18:20 Heavy Plow
19:41 Bow Saw
25:05 Loom
Phu Thuy
5:33 Loom
11:28 Feudal Age
15:54 Castle Age
14:16 Double-Bit Axe
14:44 Horse Collar
19:09 Fortified Wall
26:12 Imperial Age
25:02 Bow Saw
24:52 Heavy Plow
24:59 Gold Mining
27:58 Chemistry
28:08 Two-Man Saw
28:29 Crop Rotation
29:49 Wheelbarrow
30:38 Conscription
Ace
5:03 Loom
11:06 Feudal Age
15:45 Castle Age
13:58 Double-Bit Axe
15:06 Horse Collar
15:24 Stone Mining
16:58 Bow Saw
23:27 Heavy Plow
25:08 Wheelbarrow
25:19 Gold Mining
25:21 Stone Mining
29:24 Imperial Age
27:29 Scale Barding Armor
27:34 Forging
28:29 Hand Cart
28:28 Bloodlines
28:18 Husbandry
29:43 Heavy Camel Rider
31:19 Gold Shaft Mining
31:21 Stone Shaft Mining
32:24 Chain Barding Armor
32:40 Iron Casting
33:56 Chemistry
33:16 Ballistics
34:24 Two-Man Saw
34:40 Imperial Camel Rider
37:22 Shatagni
Connection lost

Rejoining the realm…

Still unreachable

The connection could not be restored.

Session expired

The server has moved on; the page needs a fresh start.